[Event "Turkish Youth Teams U18 2024"]
[Site "Karaman"]
[Date "2024.04.22"]
[Round "4"]
[White "Dirikolu, Deniz"]
[Black "Engin, Onur Cinar"]
[Result "1-0"]
[ECO "B15"]
[WhiteElo "1890"]
[BlackElo "2101"]
[Annotator "TA"]
[PlyCount "147"]
[EventDate "2024.04.21"]
[EventType "team-tourn"]
[EventCountry "TUR"]
[SourceTitle "playchess.com"]
[Source "ChessBase"]
[SourceQuality "1"]
[TimeControl "5400+30"]

1. e4 c6 2. d4 d5 3. Nc3 dxe4 4. Nxe4 Nf6 5. Nxf6+ exf6 6. Bd3 {[%emt 0:00:00] B15: Caro-Kann: 3 Nc3: 3...g6 and 3...dxe4 4 Nxe4 Nf6 5 Nxf6+ exf6.} Qxd4 7. Nf3 Qd8 8. O-O Be7 9. Re1 O-O 10. Bf4 Bg4 11. h3 Bd7 $146 ({Predecessor:} 11... Bh5 12. Qe2 Bd6 13. Bxd6 Qxd6 14. Rad1 Qf4 15. g4 Bg6 16. Bxg6 hxg6 17. Rd4 Qc7 {0-1 Postny,E (2549)-Ivic,V (2595) Titled Tuesday intern op 16th May Early blitz 2023 (6)}) 12. c3 Re8 13. Qb3 Rf8 14. Qd1 Na6 15. Qb3 (15. Qd2 $1 $14 {stays ahead.} Nc5 16. Bc2) 15... Re8 (15... Nc5 $17 16. Qc2 Nxd3 17. Qxd3 Be6) 16. Bxa6 (16. Qxb7 $2 Nc5 17. Bxh7+ Kxh7 $19) (16. Rad1 $1 $14 Bf8 (16... Nc5 17. Bxh7+ Kf8 18. Qc4 $18) 17. Bc4 (17. Qxb7 Nc5 $11) (17. Rxe8 Qxe8 18. Re1 Qc8 $11) 17... Rxe1+ 18. Rxe1 (18. Nxe1 Nc5 $14)) 16... bxa6 $11 17. Rad1 Qc8 18. Qa4 Qb7 19. Rd2 Rad8 20. Red1 Be6 21. Nd4 Bd5 22. c4 ({White should play} 22. Nf5 $14) 22... Be4 $15 23. Nb3 Bc2 24. Re1 Bxb3 25. Qxb3 Qxb3 26. axb3 Bc5 27. Rxd8 Rxd8 28. Ra1 g5 29. Bg3 Rd3 (29... a5 $5 30. Rxa5 Bb6 $17) 30. Rxa6 Rxg3 31. Rxc6 Bd4 32. Rd6 $1 Rd3 33. Kf1 Rd2 (33... Rxb3 {simplifies} 34. Rxd4 Rxb2 35. g4 Kg7) 34. Ke1 Rxf2 35. Rxd4 Rxb2 36. c5 Rxb3 (36... Rxg2 $2 37. c6 Rg1+ 38. Kf2 $18 (38. Kd2 Rg2+ 39. Ke1 Rg1+ 40. Kf2 Rb1 $18)) 37. Kd2 Rb7 38. g4 Rc7 39. Rd5 Kf8 40. Kd3 Ke7 41. Kc4 Ke6 (41... Rd7 $5 42. Rf5 $8 Ke6 $11) 42. Rd1 Ke5 43. Re1+ Kf4 44. Kd5 a5 $2 (44... Rd7+ $1 $11 {and Black has nothing to worry.} 45. Kc6 Rd3) 45. Kd6 (45. c6 $18 {is more deadly.}) 45... Rc8 $16 46. c6 Kg3 $2 (46... f5 $16 {is more resistant.}) 47. Re3+ $18 Kf4 {[%emt 0:00:01] [#]} 48. Ra3 $2 (48. Rc3 $1 $18 {is the precise move to win.} f5 49. Kd7) 48... Ra8 $2 (48... f5 $16) 49. c7 $18 f5 50. Rxa5 Rg8 51. gxf5 h5 52. f6 g4 53. hxg4 hxg4 54. Kd7 g3 55. Ra1 (55. c8=B g2 56. Ra1 g1=Q (56... g1=R 57. Rxg1 Rxg1 58. Ke7 $11) 57. Rxg1 Rxg1 $15) (55. c8=Q $142 Rxc8 56. Kxc8 g2 57. Ra1 Kg5 58. Rg1 Kxf6 59. Rxg2 Ke6 60. Kc7) 55... Ke5 $18 56. Rf1 (56. c8=B Kxf6 57. Bb7 Kg5 $11) (56. c8=R Rxc8 57. Ra5+ (57. Kxc8 Kxf6 58. Kd7 Ke5 $11) 57... Kxf6 58. Kxc8 g2 $11) 56... Ra8 (56... g2 $18 57. Rg1 (57. c8=R $2 gxf1=Q 58. Rxg8 Qxf6 $19) 57... Kxf6 58. Rxg2 (58. c8=B Rg5 $11) (58. c8=Q Rxc8 59. Rxg2 Ra8 $15) 58... Rxg2) 57. Ke7 $2 (57. c8=B g2 58. Rg1 Kxf6 $11) (57. c8=Q Rxc8 58. Kxc8 g2 59. Rg1 Kxf6 60. Rxg2 Ke6 61. Re2+ Kd6 62. Rf2) 57... Rc8 $11 58. Kd7 $2 (58. Rc1 $11 g2 59. Kd7 (59. Kxf7 $2 {loses.} Rxc7+ 60. Rxc7 g1=Q $19) 59... Rxc7+ 60. Kxc7 Kxf6 61. Kd6) 58... Ra8 $1 59. c8=Q ({And not} 59. c8=B g2 60. Rg1 Rb8 $11 (60... Kxf6 61. Rxg2 Ra5 62. Rh2 $16)) 59... Rxc8 60. Kxc8 g2 61. Rg1 Kxf6 62. Rxg2 Ke5 63. Re2+ Kd5 {[%emt 0:00:00] [#]} 64. Rf2 $1 Ke6 65. Ra2 $2 (65. Kc7 {mates} f5 66. Kc6 Ke5 67. Kc5 Ke4 68. Kc4 Ke5 69. Re2+ Kd6 70. Kd4) 65... Ke5 $1 $11 66. Re2+ Kd5 $1 67. Rf2 Ke6 68. Kc7 f5 69. Kc6 Ke5 70. Kc5 Ke4 71. Kc4 f4 72. Re2+ Kf3 73. Kd3 Kg3 74. Ke4 1-0

[Event "Turkish Youth Teams U18 2024"]
[Site "Karaman"]
[Date "2024.04.22"]
[Round "4"]
[White "Simsek, Ayaz"]
[Black "Pehlivan, Meric"]
[Result "1-0"]
[ECO "B22"]
[WhiteElo "1867"]
[BlackElo "1558"]
[Annotator "NA RC COMBH"]
[PlyCount "55"]
[EventDate "2024.04.21"]
[EventType "team-tourn"]
[EventCountry "TUR"]
[SourceTitle "playchess.com"]
[Source "ChessBase"]
[SourceQuality "1"]
[TimeControl "5400+30"]

1. e4 c5 2. c3 Nf6 3. e5 Nd5 4. Nf3 Nc6 5. d4 cxd4 6. cxd4 d6 7. Bc4 Nb6 8. Bb3 dxe5 9. d5 Nd4 {[%emt 0:04:00] B22: Sicilian: 2 c3.} 10. Nxd4 exd4 11. Qxd4 e6 12. Nc3 Qf6 13. Be3 Qxd4 14. Bxd4 exd5 15. O-O Be6 16. Rfe1 O-O-O 17. Nb5 Nc4 18. Nxa7+ Kb8 19. Nb5 Bb4 20. Red1 Rhg8 21. Rd3 (21. Bc2 $16) 21... Na5 22. a3 Nxb3 $16 23. Rxb3 Be7 24. Be5+ Ka8 25. Rb4 b6 26. Ra4+ Kb7 27. Ra7+ Kc6 28. Nd4+ 1-0

[Event "Turkish Youth Teams U18 2024"]
[Site "Karaman"]
[Date "2024.04.22"]
[Round "4"]
[White "Pekkul, Arda"]
[Black "Camlar, Arda"]
[Result "0-1"]
[ECO "B28"]
[WhiteElo "1840"]
[BlackElo "2389"]
[Annotator "TA"]
[PlyCount "66"]
[EventDate "2024.04.21"]
[EventType "team-tourn"]
[EventCountry "TUR"]
[SourceTitle "playchess.com"]
[Source "ChessBase"]
[SourceQuality "1"]
[TimeControl "5400+30"]

1. e4 c5 2. Nf3 a6 3. c4 Nc6 4. d4 cxd4 5. Nxd4 e5 6. Nc2 Nf6 7. Nc3 Bc5 8. Be2 d6 9. O-O h6 10. Rb1 Be6 {[%emt 0:13:30] The position is equal.} 11. Qd3 Nd4 12. b4 (12. Be3 $5) 12... Ba7 {[%emt 0:00:30][%cal Oe6c4] White must now prevent ...Bxc4!} 13. Nxd4 Bxd4 14. Nd5 Bxd5 15. exd5 O-O 16. Be3 Bxe3 17. Qxe3 a5 18. bxa5 (18. a3 $11) 18... Rxa5 $15 19. Rxb7 Rxa2 20. Rfb1 Nd7 $1 {[%emt 0:00:30] Dodges R7b6} 21. Ra7 Rxa7 22. Qxa7 Nc5 23. g3 f5 24. Bf1 (24. Rb5 $11) 24... e4 25. Re1 (25. Be2 $15) 25... Qf6 26. Qa1 Qg6 $1 {[%emt 0:00:30] Black is more active.} 27. Qd4 f4 28. Bg2 {[%emt 0:00:09][%cal Rg2e4] [#]} f3 $1 29. Bf1 {[%emt 0:00:19] [#]} Qf6 $1 30. Qd2 Rb8 31. Rd1 Rb2 32. Qe3 (32. Qe1 {is a better defense.}) 32... Rb3 $19 33. Qe1 (33. Qd2) 33... Qc3 $2 {[%emt 0:00:30] Weighted Error Value: White=0.46/Black=0.07 (flawless) .  Mistake:       	White=5     	Black=1      Inaccurate:     	White=2     	Black=1      OK:         	White=5     	Black=8      Best:        	---       	Black=3      Strong:       	---       	Black=3} (33... e3 34. fxe3 Ne4) 0-1

[Event "Turkish Youth Teams U18 2024"]
[Site "Karaman"]
[Date "2024.04.22"]
[Round "4"]
[White "Karabulut, Etka"]
[Black "Donmez, Tahsin Efe"]
[Result "1-0"]
[ECO "B23"]
[WhiteElo "1815"]
[BlackElo "1672"]
[Annotator "NA RC COMBH"]
[PlyCount "71"]
[EventDate "2024.04.21"]
[EventType "team-tourn"]
[EventCountry "TUR"]
[SourceTitle "playchess.com"]
[Source "ChessBase"]
[SourceQuality "1"]
[TimeControl "5400+30"]

1. e4 c5 2. Nc3 Nc6 3. Bb5 Nd4 4. Nf3 Nxb5 5. Nxb5 a6 6. Nc3 e6 7. d4 cxd4 8. Qxd4 b5 9. Bf4 Bb7 10. O-O-O Nf6 11. Rhe1 Be7 12. Bd6 O-O 13. Ne5 Bxd6 14. Qxd6 Qa5 15. Rd4 Rac8 $14 16. Re3 (16. Nxd7 $2 {loses.} Nxd7 17. a3 (17. Qxd7 $2 {perishes.} Rcd8 $19) 17... Nb6 $19) 16... Ba8 17. a3 Qc7 18. f3 Qxd6 19. Rxd6 Bc6 20. Red3 Ne8 21. Nxc6 dxc6 22. Rd7 Rc7 23. Rxc7 Nxc7 24. Rd6 Rc8 25. Rxc6 Kf8 26. a4 b4 27. Na2 Ke7 28. Nxb4 Kd7 29. Rc3 a5 30. Rd3+ Ke8 31. Nc6 Na6 32. Nxa5 Nb4 33. Rd2 Ra8 34. Rd4 Nxc2 35. Kxc2 Rxa5 36. Kb3 1-0

[Event "Turkish Youth Teams U18 2024"]
[Site "Karaman"]
[Date "2024.04.22"]
[Round "4"]
[White "Basdar, Atakan"]
[Black "Yalcinkaya, Efe"]
[Result "1/2-1/2"]
[ECO "A04"]
[WhiteElo "1808"]
[BlackElo "2033"]
[Annotator "TA"]
[PlyCount "94"]
[EventDate "2024.04.21"]
[EventType "team-tourn"]
[EventCountry "TUR"]
[SourceTitle "playchess.com"]
[Source "ChessBase"]
[SourceQuality "1"]
[TimeControl "5400+30"]

1. Nf3 c5 2. g3 Nc6 3. Bg2 g6 4. O-O Bg7 5. e4 e5 6. d3 Nge7 7. c3 O-O 8. Be3 d6 9. Qd2 f5 10. Bh6 {[%emt 0:02:30] [#]} f4 $1 11. Bxg7 Kxg7 12. d4 (12. h3 $15) 12... Bg4 (12... cxd4 $17 13. cxd4 Bg4) 13. dxc5 (13. d5 $11 Nb8 14. c4) 13... dxc5 $15 14. h3 Be6 15. Ng5 Bg8 16. Rd1 (16. Nf3 $15) 16... h6 (16... Qb6 $17 {Strongly threatening ...Rad8.} 17. Qc2 Qc7) 17. Nf3 Qxd2 (17... Qb6 $15 18. Qc2 Rad8 19. Rxd8 Rxd8) 18. Nbxd2 $11 Rad8 19. g4 Kf6 20. Bf1 Nc8 21. Nb3 b6 22. Bb5 N6e7 (22... Rxd1+ 23. Rxd1 Rd8 24. Nbd2) 23. Nbd2 Nd6 $1 {[%emt 0:01:30] Wards off Bc4} 24. Be2 Rd7 25. h4 (25. Nc4 Bxc4 26. Bxc4 Rfd8) 25... g5 $1 26. hxg5+ hxg5 27. Nc4 $1 Bxc4 28. Bxc4 Rfd8 29. Bb3 Nxe4 (29... Ng6 {simplifies} 30. Nd2 Nf7 31. Bd5 Nh6) 30. Re1 (30. Rxd7 $1 $11 Rxd7 31. Re1) 30... Nd2 $2 (30... Rd3 $1 $19 31. Bd1 (31. Kg2 Rxf3 32. Rxe4 Rfd3 $11) 31... Nd2 32. Nxe5 R3d5) 31. Nxe5 Rd5 32. Bxd5 Rxd5 33. Re2 f3 $1 (33... Rxe5 $2 {loses.} 34. Rxd2 c4 35. Rd6+ Re6 36. Rxe6+ Kxe6 37. Re1+ Kd6 38. Rd1+ Kc6 39. Rd8 $18) 34. Rxd2 Rxd2 35. Nxf3 Rxb2 {[%emt 0:00:30][%mdl 4096] Endgame. KRN-KRN} 36. Rd1 {[%emt 0:00:30] Inhibits Nd5.} Rxa2 37. Rd6+ Kg7 38. Nxg5 Rc2 39. Rd7 Kf8 40. Rd8+ Kg7 41. Rd7 Kf6 {[%emt 0:02:30] [#]} (41... Kf8 $1 $11 {keeps the balance.}) 42. Ne4+ ({Much weaker is} 42. Rxa7 $6 Kxg5 43. Rxe7 Rxc3 44. Rg7+ Kf4 $15) ({White must play} 42. f4 $1 $16 {Black must now prevent Rd6+.} Rc1+ 43. Kf2 Rc2+ 44. Kf1 Rc1+ 45. Ke2 Rc2+ 46. Kf1 Rc1+ 47. Ke2 Rc2+ 48. Kd1) 42... Ke6 43. Rxa7 Nd5 44. g5 {[%emt 0:06:36] g6 is the strong threat.} Kf5 ({Better is} 44... Nxc3 $11 45. Nxc3 Rxc3) 45. f3 (45. Rf7+ $1 $14 Kg6 (45... Kxe4 $2 {too greedy.} 46. g6 $18) 46. Rf8) 45... Nxc3 {[%emt 0:00:30] The position is equal.} 46. Rf7+ Kg6 47. Rf6+ Kg7 {[%emt 0:00:30] Weighted Error Value: White=0.25 (precise) /Black=0.28 (precise) .  Loses game:     	White=1     	---        Missed win:     	---       	Black=1      Mistake:       	White=5     	Black=5      Inaccurate:     	White=1     	Black=1      OK:         	White=15    	Black=15     Best:        	White=3     	---        Strong:       	White=1     	Black=3} 1/2-1/2

[Event "Turkish Youth Teams U18 2024"]
[Site "Karaman"]
[Date "2024.04.22"]
[Round "4"]
[White "Mutlu, Burak Alp"]
[Black "Yildiz, Tunahan"]
[Result "1/2-1/2"]
[ECO "B50"]
[WhiteElo "1769"]
[BlackElo "1881"]
[Annotator "NA RC COMBH"]
[PlyCount "72"]
[EventDate "2024.04.21"]
[EventType "team-tourn"]
[EventCountry "TUR"]
[SourceTitle "playchess.com"]
[Source "ChessBase"]
[SourceQuality "1"]
[TimeControl "5400+30"]

1. e4 c5 2. Nf3 d6 3. c3 Nf6 4. Be2 g6 5. O-O Bg7 6. Re1 O-O 7. Bf1 Nc6 8. h3 e5 9. d4 exd4 10. cxd4 cxd4 {[%emt 0:00:00] B50: Sicilian: 2...d6, Miscellaneous.} 11. Nxd4 d5 (11... Nxd4 $15 12. Qxd4 Be6) 12. Nxc6 bxc6 13. Bg5 Qb6 14. Nc3 Nxe4 15. Nxe4 dxe4 16. Qc2 (16. Rxe4 $11 {keeps the balance.} Qxb2 17. Rc1) 16... Qxb2 17. Qxe4 Be6 18. Qxc6 Qa3 19. Rad1 Qxa2 20. Qa6 Qxa6 21. Bxa6 Rab8 (21... Rfb8 $17 22. Be3 h5) 22. Be3 Rb3 23. Rb1 {[%emt 0:03:17] [#]} Ra3 $17 24. Bb7 Rd8 25. Bg5 Rdd3 26. Bc8 h6 27. Be7 Rab3 28. Bxe6 Rxb1 29. Rxb1 fxe6 30. Bc5 a5 31. Rb6 Be5 32. g3 Rd5 33. Be3 Kf7 34. Bxh6 a4 35. Rb7+ Ke8 36. Ra7 Rd1+ 1/2-1/2

[Event "Turkish Youth Teams U18 2024"]
[Site "Karaman"]
[Date "2024.04.22"]
[Round "4"]
[White "Tonuk, Deniz"]
[Black "Demirtas, Alper"]
[Result "0-1"]
[ECO "C10"]
[WhiteElo "1768"]
[BlackElo "2020"]
[Annotator "TA"]
[PlyCount "80"]
[EventDate "2024.04.21"]
[EventType "team-tourn"]
[EventCountry "TUR"]
[SourceTitle "playchess.com"]
[Source "ChessBase"]
[SourceQuality "1"]
[TimeControl "5400+30"]

1. e4 e6 2. d4 d5 3. Nd2 dxe4 4. Nxe4 Nd7 5. Nf3 Ngf6 6. Bd3 Be7 7. O-O O-O 8. Qe2 b6 9. c3 Bb7 10. Bf4 Nxe4 11. Bxe4 Bxe4 12. Qxe4 c5 13. Rad1 Nf6 14. Qe2 Qc8 15. Rfe1 {[%emt 0:01:30] White is slightly better.} (15. d5 $5) 15... Rd8 16. h3 Nd5 17. Bg3 Bf6 18. Be5 Bxe5 19. dxe5 Qc6 20. Qe4 {[%emt 0:04:30] [#] Ng5 is the strong threat.} Ne7 {[%emt 0:01:30] ...Rxd1 would now be deadly.} 21. Qf4 Ng6 22. Qg5 Rd7 23. h4 h6 24. Qe3 {[%emt 0:01:30] [#]} (24. Qg4 $11 {deserves consideration.}) 24... Rad8 ({Better is} 24... Rxd1 $1 $17 25. Rxd1 Qa4) 25. Rxd7 $11 Rxd7 26. h5 Ne7 27. Qf4 Qd5 28. c4 (28. Qa4 $11) 28... Qd3 $17 29. g4 Nc6 30. Re3 Qb1+ 31. Kg2 Rd1 {[%emt 0:06:30][%cal Od1h1] And now ...Rh1! would win. Black has more active pieces.} (31... Qxb2 $6 32. Qe4 Nd4 33. Qa8+ Kh7 34. Qe8 Nxf3 35. Qxd7 Nxe5 36. Rxe5 (36. Qd1 g5 $11) 36... Qxe5 37. Qxf7 $11) 32. g5 $2 {[%emt 0:19:00][%mdl 8192] Loses the game.} (32. Qe4 $17 Qxe4 33. Rxe4) 32... Rh1 $19 {[%emt 0:00:30] ( -> ...Qf1+)} (32... Qxa2 $2 {is the wrong capture.} 33. Qe4 (33. gxh6 Qb1 $16) 33... Nd8 34. Rd3 $18 (34. gxh6 gxh6 35. Qf4 Kh7 $16)) 33. Qg4 Ne7 {[%emt 0:06:30] Hoping for ...Qf1+.} 34. Qe4 Qf1+ 35. Kg3 Nf5+ 36. Kf4 hxg5+ 37. Kxg5 Nxe3 (37... Qxf2 $142 38. Rd3 Rh3 (38... Qxb2 $2 39. Rd2 $19) 39. Ne1 Rg3+ (39... f6+ $2 40. exf6 Rg3+ 41. Rxg3 $19) 40. Rxg3 Qxg3+ (40... f6+ $2 41. exf6 Qxg3+ 42. Qg4 $19) 41. Qg4 Qxe5 (41... Qxe1 42. Qxf5 exf5 43. Kxf5 Qb1+ 44. Kf4 Qxa2 45. Kf5 Qxc4 46. e6 Qxe6+ 47. Kf4 f5 48. Kf3 Qe4+ 49. Kg3 Qe3+ 50. Kg2 f4 51. h6 gxh6 52. b4 Qe2+ 53. Kh3 cxb4 54. Kh4 Qg2 55. Kh5 Qg5#) (41... f6+ 42. exf6 gxf6+ 43. Kxf6+ Qxg4 44. Nd3 Qd4+ 45. Kxe6 Qxd3 46. Ke5 Kf7 47. a4 Ng3 48. Kf4 Ne2+ 49. Ke5 Qd4+ 50. Kf5 Qf4#) 42. Qf4 Qxe1 (42... Qf6+ $2 43. Kg4 $19) 43. Qb8+ Kh7 44. Kg4 Qe4+ 45. Kh3 Qh1+ (45... Qxc4 $2 46. Qe5 $19) 46. Kg4 Qg2+ 47. Kf4 Qg3+ 48. Ke4 Qe3#) 38. fxe3 Qg2+ 39. Kf4 Rxh5 40. Qa8+ Kh7 {[%emt 0:00:00] Weighted Error Value: White=0.84/Black=0.24 (precise) .  Loses game:     	White=1     	---        Mistake:       	White=2     	Black=1      Inaccurate:     	White=2     	Black=1      OK:         	White=6     	Black=10     Best:        	White=1     	Black=2} 0-1

[Event "Turkish Youth Teams U18 2024"]
[Site "Karaman"]
[Date "2024.04.22"]
[Round "4"]
[White "Torcuk, Hasan Cinar"]
[Black "Gul, Servet"]
[Result "0-1"]
[ECO "B22"]
[WhiteElo "1731"]
[BlackElo "1694"]
[Annotator "NA RC COMBH"]
[PlyCount "92"]
[EventDate "2024.04.21"]
[EventType "team-tourn"]
[EventCountry "TUR"]
[SourceTitle "playchess.com"]
[Source "ChessBase"]
[SourceQuality "1"]
[TimeControl "5400+30"]

1. e4 c5 2. Nf3 a6 3. c3 e6 4. d4 d5 5. dxc5 Bxc5 6. exd5 exd5 7. Nd4 Ne7 8. Be3 Qd6 9. Nd2 Nbc6 10. N2b3 Ba7 11. Qf3 O-O 12. Qg3 Qd7 13. Be2 Nxd4 14. Nxd4 Bxd4 15. Bxd4 Nf5 16. Qd3 Re8 17. O-O Nxd4 18. cxd4 Qd6 19. Bf3 Bd7 20. Qb3 Bc6 21. Rac1 f5 22. Rfe1 g5 23. Bh5 Re4 24. Rxe4 fxe4 25. Qh3 Rf8 26. Qe3 Qh6 27. Be2 Qg6 28. Qc3 Rf6 29. Qg3 h5 30. h3 h4 31. Qg4 Rf5 32. Rc3 Qf6 33. g3 hxg3 34. Rxg3 Kf7 35. h4 Rxf2 36. hxg5 Qxd4 37. Kh1 Kf8 38. g6 Qg7 39. Qh5 Rf6 40. Rg5 d4 41. Rf5 e3+ 42. Kg1 Rxf5 43. Qxf5+ Ke7 44. Bg4 Qf6 45. Qc5+ Ke8 46. Qh5 Qf2# 0-1

[Event "Turkish Youth Teams U18 2024"]
[Site "Karaman"]
[Date "2024.04.22"]
[Round "4"]
[White "Gedik, Eylul Ceren"]
[Black "Karadas, Hena"]
[Result "0-1"]
[ECO "A20"]
[WhiteElo "1727"]
[BlackElo "1775"]
[Annotator "NA RC COMBH"]
[PlyCount "82"]
[EventDate "2024.04.21"]
[EventType "team-tourn"]
[EventCountry "TUR"]
[SourceTitle "playchess.com"]
[Source "ChessBase"]
[SourceQuality "1"]
[TimeControl "5400+30"]

1. c4 e5 2. d3 Nc6 3. a3 a5 4. g3 Bc5 5. Bg2 d6 6. Nf3 Nge7 7. Nc3 Ba7 8. O-O O-O 9. Rb1 Bg4 10. h3 Be6 11. b4 Qd7 12. Kh2 h6 13. e3 f5 14. b5 Nd8 15. Qe2 g5 16. Nd2 f4 17. Nb3 Ng6 18. exf4 exf4 19. Qh5 Kh7 20. Ne4 Qe7 21. Bb2 Ne5 22. Qd1 f3 23. Bh1 Qf7 24. Bxe5 dxe5 25. Nbd2 g4 26. c5 Bf5 27. hxg4 Bxg4 28. Nc4 Ne6 29. b6 cxb6 30. cxb6 Bb8 31. Re1 Kg7 32. Ne3 Qh5+ 33. Kg1 Nd4 34. Nc3 Bd6 35. Nxg4 Qxg4 36. Re4 Qf5 37. Qd2 Rac8 38. Rbe1 Rf6 39. Nd5 Rg6 40. Ne3 Qh3 41. Rh4 Qxh4 0-1

[Event "Turkish Youth Teams U18 2024"]
[Site "Karaman"]
[Date "2024.04.22"]
[Round "4"]
[White "Akkaya, Yigit"]
[Black "Orhon, Bora"]
[Result "1/2-1/2"]
[ECO "C03"]
[WhiteElo "1700"]
[BlackElo "1997"]
[Annotator "TA"]
[PlyCount "70"]
[EventDate "2024.04.21"]
[EventType "team-tourn"]
[EventCountry "TUR"]
[SourceTitle "playchess.com"]
[Source "ChessBase"]
[SourceQuality "1"]
[TimeControl "5400+30"]

1. e4 e6 2. d4 d5 3. Nd2 Be7 4. f4 c5 5. e5 Nc6 6. Ngf3 Nh6 7. Bb5 (7. Bd3 $11) 7... Nf5 $17 8. Qe2 {[%emt 0:02:30] Against Ne3} Qb6 ({Much less strong is} 8... cxd4 9. a4 $15) ({Much worse is} 8... Nfxd4 9. Nxd4 cxd4 10. a3 $11) (8... O-O $17 9. Nb3 c4 (9... Ncxd4 10. Nbxd4 Nxd4 11. Nxd4 $11) (9... cxd4 10. O-O $15) 10. Bxc6 bxc6 (10... cxb3 11. Bb5 $15)) 9. g4 (9. dxc5 $11 {keeps the balance.} Bxc5 10. Nb3) 9... Nfxd4 10. Nxd4 cxd4 11. Nf3 Bd7 12. Bd3 Nb4 13. O-O Rc8 14. Kg2 a5 15. b3 Nxd3 16. cxd3 Bb4 17. Bb2 Bc3 18. Rac1 O-O 19. Qf2 {[%emt 0:03:30] [#] And now Bxc3 would win.} Qa6 20. Rfd1 Bxb2 21. Qxb2 Rxc1 22. Qxc1 Rc8 23. Qd2 Qb6 24. Rc1 Rxc1 25. Qxc1 $11 {[%emt 0:00:30][%mdl 4096] Endgame. KQB-KQN} h6 26. Kf2 a4 $36 {[%emt 0:02:05][%mdl 2048] Black is more active.} 27. Qb2 Qc5 28. b4 a3 29. Qd2 (29. Qxa3 $11 {remains equal.} Qc2+ 30. Kg3) 29... Qb6 ({Black should play} 29... Qc3 $17 {Strongly threatening ...Qa1.} 30. Qxc3 dxc3) 30. Ne1 Ba4 {[%emt 0:00:08] White should prevent ...Qc6.} 31. Ke2 (31. Nf3 $11) 31... Qc6 32. Nf3 Qb6 33. Ne1 Qc6 34. Nf3 $1 Qb6 35. Ne1 {[%emt 0:00:30] [#]} Qc6 {[%emt 0:01:41] Weighted Error Value: White=0.26 (precise) /Black=0.32.  Mistake:       	White=4     	Black=3      Inaccurate:     	White=2     	Black=3      OK:         	White=12    	Black=11     Best:        	---       	Black=2      Strong:       	White=1     	---} (35... Qc7 $1 $17 36. Nf3 Qc3 37. Qxc3 dxc3) 1/2-1/2

[Event "Turkish Youth Teams U18 2024"]
[Site "Karaman"]
[Date "2024.04.22"]
[Round "4"]
[White "Mullakutukcu, Ela"]
[Black "Iyican, Sude"]
[Result "1/2-1/2"]
[ECO "A80"]
[WhiteElo "1693"]
[BlackElo "1562"]
[Annotator "NA RC COMBH"]
[PlyCount "77"]
[EventDate "2024.04.21"]
[EventType "team-tourn"]
[EventCountry "TUR"]
[SourceTitle "playchess.com"]
[Source "ChessBase"]
[SourceQuality "1"]
[TimeControl "5400+30"]

1. d4 e6 2. Bf4 b6 3. e3 Bb7 4. Nf3 f5 5. Be2 Nf6 6. Nbd2 Be7 7. h3 O-O 8. O-O Qc8 9. c4 d6 10. Rc1 Nbd7 11. Qb3 c5 12. Rfd1 h6 13. Bh2 g5 14. Qc2 Qe8 15. Bd3 Qg6 16. Re1 Ne4 17. Re2 g4 18. hxg4 Qxg4 19. Ne1 Ng5 20. f3 Qh5 21. d5 exd5 22. cxd5 Bxd5 23. e4 fxe4 24. Nxe4 Nxe4 25. Bxe4 Bxe4 26. Rxe4 Bg5 27. Rd1 Nf6 28. Re6 Qf7 29. Rdxd6 Rfe8 30. Qf5 Rxe6 31. Qxe6 Qxe6 32. Rxe6 Kf7 33. Re2 Nd5 34. Nd3 Be3+ 35. Kf1 Re8 36. Ne5+ Ke6 37. Nc4 Kd7 38. Nxe3 Nxe3+ 39. Kf2 1/2-1/2

[Event "Turkish Youth Teams U18 2024"]
[Site "Karaman"]
[Date "2024.04.22"]
[Round "4"]
[White "Acar, Zeynep"]
[Black "Yildiz, Elif Zeren"]
[Result "0-1"]
[ECO "E81"]
[WhiteElo "1671"]
[BlackElo "1926"]
[Annotator "TA"]
[PlyCount "116"]
[EventDate "2024.04.21"]
[EventType "team-tourn"]
[EventCountry "TUR"]
[SourceTitle "playchess.com"]
[Source "ChessBase"]
[SourceQuality "1"]
[TimeControl "5400+30"]

1. d4 g6 2. c4 Bg7 3. Nc3 d6 4. e4 Nf6 5. f3 Nbd7 6. Be3 O-O 7. Nge2 c5 8. d5 Ne5 9. Ng3 h5 10. Be2 Rb8 11. O-O a6 12. a4 {[%emt 0:01:30] White is slightly better.} b6 13. Qd2 Re8 (13... Nh7 $142) 14. Rae1 e6 (14... h4 $16 {might work better.}) 15. Bg5 $18 Qc7 (15... exd5 $16 16. exd5 (16. Nxd5 Ned7 $16) 16... b5) 16. f4 Ned7 17. f5 e5 18. Rf2 Nh7 19. fxg6 $2 {[%emt 0:02:30] Black is weak on the light squares} (19. Bxh5 $18 {and White stays clearly on top.} gxh5 20. Nxh5) 19... fxg6 $16 20. Ref1 {[%emt 0:00:30][%cal Og3h5] [#] Nxh5! is the strong threat.} Rf8 21. Bf3 Ndf6 22. Nce2 (22. h3 $14) 22... b5 23. axb5 axb5 24. Bxf6 (24. cxb5 $11 Bd7 25. Nc3) 24... Rxf6 $17 25. cxb5 Rxb5 26. Nc3 Rb4 27. Be2 Rxf2 28. Rxf2 Qb7 29. Qc1 Bd7 (29... Rxb2 30. Ba6 Qxa6 31. Rxb2 $16) 30. Nf1 Bf6 (30... Rxb2 31. Ba6 Qxa6 32. Qxb2 $16 (32. Rxb2 Nf6 $16)) 31. Qa1 Bg5 {[%emt 0:01:30] Repels Ne3} (31... Rxb2 $2 32. Ba6 Qb4 33. Rxb2 $18) 32. g3 (32. Kh1 $142) 32... Kg7 (32... Rxb2 $2 {loses.} 33. Ba6 Rxf2 34. Bxb7 $18) 33. h4 Bh6 34. Qa5 {[%emt 0:00:30] Wards off Qb6} Qb6 (34... Rxb2 35. Qd8 c4 36. Qe7+ Kh8 37. Rf7 Qa7+ 38. Kh1 $18) (34... Qb8 $17 {[%cal Oh7f6] aiming for ...Nf6!} 35. Bf3 Rxb2 36. Rxb2 Qxb2) 35. Qxb6 $11 Rxb6 36. Bf3 (36. Bc4 $11) 36... Nf6 $17 37. Kg2 Bc1 {[%emt 0:03:30] Black is much more active.} 38. Nd2 Rb4 {[%emt 0:06:26] Repels Nc4} (38... Bxb2 39. Nc4 Rb3 40. Rxb2 $16) 39. Na2 Bxd2 ({Stronger than} 39... Rxb2 40. Nxc1 Rc2 41. Ncb3 $16) 40. Nxb4 (40. Rxd2 $17 Rd4 (40... Nxe4 41. Re2 $15) 41. Rd1) 40... Bxb4 $19 41. Rf1 Bb5 42. Ra1 (42. Rd1 $142) 42... Bd3 43. Ra7+ Kh6 44. Rf7 Nxe4 45. Rd7 c4 46. Rb7 Bc5 47. g4 hxg4 48. Bxg4 Nf6 49. Be6 Be4+ 50. Kg3 Bxd5 51. Bxd5 Nxd5 52. Kg4 Ne3+ 53. Kf3 Nf5 {[%emt 0:00:30][%cal Od6d5] [#] And now ...d5! would win.} 54. Kg4 e4 55. Rb8 e3 56. Re8 Kg7 {[%emt 0:00:04] ( -> ...Kf7)} 57. Re4 d5 58. Re5 Bd4 {[%emt 0:00:19][%csl LRb2,LRe5] Never resign too early!   Weighted Error Value: White=0.48/Black=0.28 (precise) .  Loses game:     	White=1     	---        Missed win:     	White=1     	---        Mistake:       	White=5     	Black=4      Inaccurate:     	White=3     	Black=3      OK:         	White=8     	Black=12     Best:        	White=3     	Black=1} 0-1